 Dungeon Crawl Stone Soup version 0.25-a0-94-g9e23508adf (webtiles) character file.

Game seed: 11118804877998738496, levelgen mode: deterministic

76131 Arixos the Geomancer (level 15, -18/101 HPs)
             Began as a Vampire Earth Elementalist on Nov 11, 2019.
             Was an Initiate of Gozag.
             Demolished by Rupert
             ... wielding a +3 triple sword of holy wrath
              (39 damage)
             ... on level 13 of the Dungeon.
             The game lasted 04:04:53 (46709 turns).

Arixos the Geomancer (Vampire Earth Elementalist)  Turns: 46709, Time: 04:04:53

Health: -18/101    AC: 11    Str:  9    XL:     15   Next: 11%
Magic:  0/29       EV: 20    Int: 22    God:    Gozag
Gold:   2947       SH:  7    Dex: 20    Spells: 2/34 levels left

rFire    + . .     SeeInvis +   m - +5 demon trident (flame)
rCold    + . .     Gourm    .   D - +1 buckler {rC+}
rNeg     . . .     Faith    .   i - +1 leather armour {rF+}
rPois    .         Spirit   +   I - +1 helmet {SInv}
rElec    .         Reflect  .   M - +0 cloak
rCorr    .         Harm     .   f - +1 pair of gloves
MR       +....                  y - +1 pair of boots {Fly}
Stlth    ++........             a - amulet of guardian spirit
HPRegen  0.46/turn              K - +5 ring of dexterity
MPRegen  0.21/turn              o - ring of wizardry

@: flying, regenerating quickly
A: no food, fangs 3, see invisible, [frail 1], unbreathing
a: Exsanguinate, Potion Petition, Call Merchant, Bribe Branch, Renounce
Religion, Stop Flying


You were on level 13 of the Dungeon.
You worshipped Gozag.
Gozag was most pleased with you.
You were alive.

You visited 5 branches of the dungeon, and saw 23 of its levels.
You also visited: Sewer and Ice Cave.

You collected 6891 gold pieces.
You spent 2413 gold pieces at shops.
You paid 1531 gold pieces to Gozag.

Inventory:

Hand Weapons
 m - a +5 demon trident of flaming (weapon)
Armour
 f - a +1 pair of gloves (worn)
 i - a +1 leather armour of fire resistance (worn)
 y - a +1 pair of boots of flying (worn)
 D - a +1 buckler of cold resistance (worn)
 I - a +1 helmet of see invisible (worn)
 M - a +0 cloak (worn)
Magical Staves
 H - an uncursed staff of air {unknown}
Jewellery
 a - an amulet of guardian spirit (around neck)
 o - a ring of wizardry (right hand)
 K - a +5 ring of dexterity (left hand)
Wands
 B - a wand of digging (7)
 F - a wand of flame (25)
 J - a wand of paralysis (8)
 L - a wand of disintegration (9)
 N - a wand of random effects (18)
 O - a wand of iceblast (20)
Scrolls
 d - 4 scrolls of identify
 g - a scroll of fog
 l - 7 scrolls of remove curse
 q - 5 scrolls of magic mapping
 s - 8 scrolls of amnesia
 u - 4 scrolls of teleportation
 w - 2 scrolls of fear
 E - a scroll of torment {unknown}
 G - 4 scrolls of enchant armour
 P - a scroll of random uselessness {unknown}
Potions
 b - 4 potions of agility
 c - a potion of cancellation {unknown}
 e - 5 potions of lignification
 h - 13 potions of curing
 j - 2 potions of mutation {unknown}
 k - 6 potions of heal wounds
 n - 2 potions of brilliance
 p - 2 potions of ambrosia {unknown}
 r - a potion of invisibility {unknown}
 t - a potion of haste
 v - 4 potions of flight
 z - 2 potions of might {unknown}
 A - 2 potions of resistance
Miscellaneous
 x - a lightning rod (4/4)
 C - a fan of gales


   Skills:
 + Level 9.0 Fighting
 * Level 8.9 Polearms
 + Level 10.8 Dodging
 - Level 3.0 Stealth
 - Level 4.0 Shields
 + Level 10.1 Spellcasting
 - Level 6.0 Conjurations
 - Level 4.0 Hexes
 * Level 5.7 Summonings
 - Level 8.0 Necromancy
 - Level 4.0 Translocations
 - Level 4.0 Transmutations
 * Level 5.6 Air Magic
 + Level 10.9 Earth Magic
 - Level 2.1 Poison Magic


You had 2 spell levels left.
You knew the following spells:

 Your Spells              Type           Power        Failure   Level  Hunger
a - Stone Arrow           Conj/Erth      #####.       1%          3    N/A
c - Borgnjor's Vile Clut  Necr/Erth      ######....   1%          5    N/A
e - Blink                 Tloc           N/A          1%          2    N/A
f - Mephitic Cloud        Conj/Pois/Air  ####....     1%          3    N/A
p - Petrify               Tmut/Erth      #####...     1%          4    N/A
r - Lee's Rapid Deconstr  Erth           ######....   1%          5    N/A
s - Summon Lightning Spi  Summ/Air       #####...     3%          4    N/A
w - Passwall              Tmut/Erth      #####...     1%          2    N/A
F - Fulminant Prism       Conj/Hex       ####......   4%          4    N/A

Your spell library contained the following spells:

 Spells                   Type           Power        Failure   Level  Hunger
 Magic Dart               Conj           ####         1%          1    N/A
 Sandblast                Erth           ######       1%          1    N/A
 Summon Small Mammal      Summ           ####         1%          1    N/A
 Call Imp                 Summ           #####...     1%          2    N/A
 Searing Ray              Conj           #####.       1%          2    N/A
 Slow                     Hex            ####....     1%          2    N/A
 Ensorcelled Hibernation  Hex/Ice        ###...       2%          2    N/A
 Shroud of Golubria       Chrm/Tloc      ###...       2%          2    N/A
 Call Canine Familiar     Summ           #####...     1%          3    N/A
 Dazzling Spray           Conj/Hex       ####..       1%          3    N/A
 Gell's Gravitas          Tloc           ####......   1%          3    N/A
 Lesser Beckoning         Tloc           ####......   1%          3    N/A
 Recall                   Summ/Tloc      N/A          1%          3    N/A
 Summon Guardian Golem    Hex/Summ       ####....     1%          3    N/A
 Teleport Other           Tloc           ####....     1%          3    N/A
 Animate Dead             Necr           N/A          1%          4    N/A
 Iskenderun's Mystic Bla  Conj           #####...     2%          4    N/A
 Conjure Flame            Conj/Fire      ###.....     3%          3    N/A
 Force Lance              Conj/Tloc      ####....     4%          4    N/A
 Passage of Golubria      Tloc           N/A          6%          4    N/A
 Summon Ice Beast         Ice/Summ       ###.....     11%         4    N/A
 Silence                  Hex/Air        ####......   13%         5    N/A
 Death Channel            Necr           #####.....   19%         6    N/A
 Shadow Creatures         Summ           N/A          43%         6    N/A
 Darkness                 Hex            ####......   65%         6    N/A
 Simulacrum               Ice/Necr       ####......   65%         6    N/A

Dungeon Overview and Level Annotations

Branches:
Dungeon (13/15)            Temple (1/1) D:5            Lair (6/6) D:11
  Swamp (0/4) Lair:2        Snake (1/4) Lair:3        Slime (0/5) Lair:6
    Orc (2/2) D:10            Elf (0/3) Orc:2        Vaults (0/5) D:13
  Sewer (visited)           IceCv (visited)

Altars:
Ashenzari
Cheibriados
Dithmenos
Elyvilon
Fedhas
Gozag
Hepliaklqana
Kikubaaqudgha
Makhleb
Nemelex Xobeh
Okawaru
Qazlal
Ru
Sif Muna
Trog
Uskayaw
Vehumet
Wu Jian
Xom
Yredelemnul
Zin
The Shining One

Shops:
D:4 *   D:10 [([   Orc:2 (:[*   Lair:4 :

Annotations:
D:13 1 runed translucent door, Rupert; Xygycw's ghost, journeyman GrFi
Lair:1 exclusion: door


Innate Abilities, Weirdness & Mutations

You do not eat.
Your natural rate of healing is unusually fast.
You have razor-sharp teeth.
You have supernaturally acute eyesight. (SInv)
You can survive without breathing.
[You are frail. (-10% HP)]


Message History

Aiming: Stone Arrow (safe; 1% risk of failure)
Press: ? - help, Shift-Dir - straight line, f - Rupert
Aim: Rupert, wielding a +3 triple sword of holy wrath and wearing a +2 leather armour of cold resistance (heavily wounded, berserk, fast, unusually strong, constricted by zombie hands)
The stone arrow hits Rupert!!
Rupert is heavily wounded.
The zombie hands constrict Rupert.
Rupert rages.
Rupert struggles to escape constriction.
Rupert escapes!
You hit Rupert but do no damage.
Rupert is heavily wounded.
Rupert hits you with a +3 triple sword of holy wrath!!!
You convulse!!
As you read the scroll of fear, it crumbles to dust.
You assume a fearsome visage.
Rupert hits you with a +3 triple sword of holy wrath!!
* * * LOW HITPOINT WARNING * * *
You convulse!!!
You die...
Your body crumbles into a pile of gold.

#######..## c. ####...##
##'#### #......# ##
....... #..[...# #.
....$.. #......# ####.
....c..####......# #..'.
.....$[#.((......####.##.
.....$.#(##......#....##.
.......@@##......(.#####.
.......####......### #.
####### ####...# #.
##.##### #. #$W|#..# ##
###+###.# #.....#.#
###..###.## ##
#.........# #.


You could see Rupert (berserk) and a centaur warrior.

Vanquished Creatures
  Gastronok (Lair:3)
  An orc warlord (Orc:1)
  Nessos (Lair:6)
  A dire elephant (Lair:6)
  A fire dragon (Lair:6)
  Josephine (Lair:6)
  2 vault guards
  Erolcha (D:13)
  2 hydras
  Harold (Lair:1)
  2 centaur warriors (D:13)
  2 catoblepae
  4 two-headed ogres
  5 orc high priests
  A tengu warrior (D:12)
  3 death yaks (Lair:3)
  Sonja (Lair:4)
  Nergalle (Lair:2)
  2 unseen horrors
  A lindwurm (Lair:6)
  3 ugly things
  4 orc knights
  5 orc sorcerers
  2 deep elf magi (D:13)
  2 manticores (Lair:6)
  10 elephants (Lair:4)
  3 cyclopes
  2 centaur zombies
  5 black mambas
  2 ice statues (IceCv)
  A molten gargoyle (Lair:5)
  A gargoyle (D:13)
  5 rime drakes
  Joseph (D:9)
  9 spiny frogs
  6 komodo dragons
  2 efreet (D:13)
  3 trolls
  10 ice devils
  A bog body (Lair:2)
  A polar bear (Lair:5)
  8 dream sheep
  9 blink frogs
  Grinder (D:5)
  8 hippogriffs
  A meliai zombie (D:13)
  Sigmund (D:3)
  A vampire (D:11)
  8 wraiths
  20 yaks
  A shadow (D:13)
  7 basilisks
  2 steam dragons (Lair:6)
  Eustachio (D:4)
  2 wyverns
  3 vampire mosquitoes (D:12)
  A hungry ghost (D:11)
  3 swamp worms (Lair:1)
  2 acid dragons
  4 nagas (Lair:3)
  2 wargs
  11 water moccasins
  5 porcupines
  35 orc warriors
  3 swamp drakes (Lair:6)
  3 sky beasts
  An eye of draining (D:12)
  4 ice beasts
  A black bear (D:10)
  A phantom (D:8)
  4 necrophages
  10 ogres
  8 centaurs
  10 crocodiles
  10 wolves
  6 big kobolds
  2 gnoll sergeants
  8 bullfrogs
  A water moccasin skeleton (D:12)
  3 scorpions
  5 killer bees (D:10)
  19 wights
  3 howler monkeys
  2 vampire bats (Lair:5)
  2 electric eels
  3 bullfrog zombies
  7 crimson imps
  A lava snake (Lair:5)
  A quasit (D:4)
  9 hounds
  5 jellies
  24 orc priests
  25 orc wizards
  Terence (D:3)
  2 bullfrog skeletons
  11 iguanas
  14 worker ants
  3 big kobold zombies (Sewer)
  A hound zombie (D:8)
  A hound skeleton (D:5)
  A worker ant zombie (D:6)
  A howler monkey skeleton (D:7)
  19 gnolls
  15 adders
  7 shadow imps
  6 white imps (IceCv)
  5 ufetubi
  An ooze (D:2)
  2 adder skeletons
  3 worms
  4 dart slugs
  3 leopard geckos
  89 orcs
  5 ball pythons
  2 bat zombies (Sewer)
  4 giant cockroaches
  6 goblins
  3 hobgoblins
  18 jackals
  41 kobolds
  3 quokkas
  8 bats
  3 frilled lizards (D:1)
  A jackal skeleton (D:8)
  3 kobold zombies (Sewer)
  A leopard gecko skeleton (D:4)
  2 rats (D:3)
  3 fungi
  7 plants
728 creatures vanquished.

Vanquished Creatures (collateral kills)
  2 vault guards (D:13)
  An orc high priest (Orc:2)
  A swamp dragon (Lair:6)
  An ugly thing (D:13)
  An orc sorcerer (Orc:2)
  A cyclops (D:12)
  2 basilisks
  An orc warrior (Orc:2)
  A wight (D:13)
  An orc priest (Orc:2)
  3 orc wizards
  16 orcs
  A fungus (Lair:2)
32 creatures vanquished.

Vanquished Creatures (others)
  2 white imps (IceCv)
  9 ufetubi (IceCv)
  28 fulminant prisms
  8 fungi
  14 plants
61 creatures vanquished.

Grand Total: 821 creatures vanquished

Notes
Turn   | Place    | Note
-------+----------+-------------------------------------------
     0 | D:1      | Arixos the Vampire Earth Elementalist began the quest for
                  | the Orb.
     0 | D:1      | Reached XP level 1. HP: 13/13 MP: 3/3
   354 | D:1      | Reached XP level 2. HP: 20/20 MP: 3/5
   624 | D:2      | Reached XP level 3. HP: 25/25 MP: 3/6
   952 | D:2      | Reached skill level 1 in Fighting
   993 | D:2      | Learned a level 3 spell: Stone Arrow
  1098 | D:2      | Reached XP level 4. HP: 17/32 MP: 0/8
  1727 | D:3      | Found an ornate altar of the Wu Jian Council.
  1753 | D:3      | Reached skill level 1 in Conjurations
  1895 | D:3      | Noticed Sigmund
  2013 | D:3      | Reached XP level 5. HP: 37/37 MP: 7/9
  2476 | D:3      | Killed Sigmund
  2476 | D:3      | Reached XP level 6. HP: 44/44 MP: 0/11
  2647 | D:3      | Noticed Terence
  2716 | D:3      | Killed Terence
  2896 | D:3      | Learned a level 5 spell: Lee's Rapid Deconstruction
  3137 | D:4      | Reached XP level 7. HP: 50/50 MP: 3/12
  3286 | D:4      | Reached skill level 5 in Earth Magic
  3701 | D:4      | Found Dacs's General Store.
  3704 | D:4      | Bought a potion of curing for 42 gold pieces
  3704 | D:4      | Bought a scroll of fear for 49 gold pieces
  3704 | D:4      | Bought 19 stones for 26 gold pieces
  3834 | D:5      | Entered Level 5 of the Dungeon
  3947 | D:5      | Found a glowing drain.
  3955 | D:5      | Noticed Eustachio
  3975 | D:4      | Killed Eustachio
  4100 | Sewer    | Entered a sewer
  4320 | Sewer    | Found an ancient bone altar of Kikubaaqudgha.
  4343 | Sewer    | Reached XP level 8. HP: 54/57 MP: 3/15
  4489 | Sewer    | Learned a level 2 spell: Passwall
  4557 | Sewer    | Reached skill level 5 in Spellcasting
  4918 | Sewer    | Learned a level 5 spell: Borgnjor's Vile Clutch
  5262 | D:5      | Reached skill level 1 in Necromancy
  5695 | D:5      | Found a staircase to the Ecumenical Temple.
  5707 | Temple   | Entered the Ecumenical Temple
  5799 | Temple   | Became a worshipper of Gozag Ym Sagoz the Greedy
  6254 | D:5      | Noticed Grinder
  6257 | D:5      | Killed Grinder
  6346 | D:5      | Reached skill level 5 in Dodging
  6548 | D:5      | Reached XP level 9. HP: 62/62 MP: 10/17
  7512 | D:6      | Noticed a two-headed ogre
  7519 | D:6      | Killed a two-headed ogre
  7755 | D:6      | Found a shimmering altar of Xom.
  7755 | D:6      | Found a glowing silver altar of Zin.
  7760 | D:6      | Found a basalt altar of Yredelemnul.
  7762 | D:6      | Found a snail-covered altar of Cheibriados.
  7764 | D:6      | Found a faded altar of an unknown god.
  7941 | D:7      | Found a sacrificial altar of Ru.
  8687 | D:7      | Learned a level 2 spell: Blink
  9014 | D:7      | Learned a level 3 spell: Mephitic Cloud
  9046 | D:7      | Found an iron altar of Okawaru.
  9094 | D:7      | Got a warped hand axe
  9095 | D:7      | Identified the cursed +1 hand axe of Awkwardness {holy,
                  | *Contam +Fly rC+ rN++} (You found it on level 7 of the
                  | Dungeon)
  9477 | D:8      | Reached XP level 10. HP: 71/71 MP: 2/20
  9796 | D:8      | Reached skill level 1 in Translocations
  9955 | D:8      | Reached skill level 1 in Air Magic
 10324 | D:8      | Reached skill level 5 in Necromancy
 10324 | D:8      | Reached skill level 1 in Poison Magic
 11845 | D:9      | Found a bloodstained altar of Trog.
 11849 | D:9      | Found a hide-covered altar of Uskayaw.
 11851 | D:9      | Found a sparkling altar of Nemelex Xobeh.
 11851 | D:9      | Found a stormy altar of Qazlal.
 11854 | D:9      | Found a glowing golden altar of the Shining One.
 11856 | D:9      | Found a shattered altar of Ashenzari.
 12858 | D:9      | Noticed Joseph
 12863 | D:9      | Killed Joseph
 13667 | D:10     | Entered Level 10 of the Dungeon
 13669 | D:10     | Found Fusk's Antique Weapon Boutique.
 13904 | D:10     | Reached skill level 5 in Fighting
 14034 | D:10     | Found a snail-covered altar of Cheibriados.
 14054 | D:10     | Found Alleaval's Armour Shoppe.
 14060 | D:10     | Bought a +0 leather armour of magic resistance for 117 gold
                  | pieces
 14060 | D:10     | Bought a +0 buckler for 58 gold pieces
 14060 | D:10     | Bought a +0 helmet of see invisible for 149 gold pieces
 14202 | D:10     | Reached skill level 1 in Shields
 14411 | D:10     | Reached XP level 11. HP: 77/77 MP: 15/22
 14911 | D:10     | Found Estyxkuy's Armour Shoppe.
 15514 | D:10     | Found a staircase to the Orcish Mines.
 15690 | D:10     | Noticed a two-headed ogre
 15694 | D:10     | Killed a two-headed ogre
 15801 | D:10     | Reached skill level 5 in Conjurations
 16540 | D:11     | Noticed a white ugly thing
 16546 | D:11     | Killed a white ugly thing
 16805 | D:11     | Got a transparent broad axe
 16806 | D:11     | Identified the +6 broad axe "Hahesom" {flame, +Blink rPois
                  | Dex-4} (You found it on level 11 of the Dungeon)
 17727 | D:11     | Found a staircase to the Lair.
 17931 | D:11     | Noticed a two-headed ogre
 17937 | D:11     | Killed a two-headed ogre
 18409 | Lair:1   | Entered Level 1 of the Lair of Beasts
 18415 | Lair:1   | Learned a level 4 spell: Petrify
 19259 | Lair:1   | Reached XP level 12. HP: 78/87 MP: 12/24
 19338 | Lair:1   | Noticed Harold
 19638 | Lair:1   | Killed Harold
 19889 | Lair:2   | Noticed Nergalle
 19912 | Lair:2   | Killed Nergalle
 20642 | Lair:2   | Found a staircase to the Swamp.
 21411 | Lair:3   | Reached skill level 1 in Polearms
 21645 | Lair:3   | Noticed a death yak
 21701 | Lair:3   | Noticed a death yak
 21713 | Lair:3   | Noticed a death yak
 22057 | Lair:3   | Noticed Gastronok
 22208 | Lair:3   | Killed a death yak
 22214 | Lair:3   | Killed a death yak
 22218 | Lair:3   | Killed a death yak
 22879 | Lair:3   | Found a staircase to the Snake Pit.
 23265 | Lair:3   | Killed Gastronok
 23643 | Lair:4   | Noticed a catoblepas
 23666 | Lair:4   | Killed a catoblepas
 23868 | Lair:4   | You fall into a shaft and drop 1 floor!
 23873 | Lair:5   | Reached XP level 13. HP: 76/76 MP: 19/26
 25614 | Lair:4   | Noticed Sonja
 25692 | Lair:4   | Killed Sonja
 25825 | Lair:4   | Reached skill level 5 in Polearms
 26825 | Lair:4   | Bought a book of Callings for 390 gold pieces
 26830 | Lair:4   | Learned a level 4 spell: Summon Lightning Spire
 27496 | Lair:5   | Reached skill level 1 in Summonings
 27810 | Lair:6   | Entered Level 6 of the Lair of Beasts
 28462 | Lair:6   | Found a staircase to the Slime Pits.
 28517 | Lair:6   | Noticed Nessos
 28702 | Lair:6   | Noticed Josephine
 28705 | Lair:6   | Killed Josephine
 30916 | Lair:6   | Killed Nessos
 31187 | Lair:6   | Noticed a fire dragon
 31646 | Lair:6   | Noticed a dire elephant
 31656 | Lair:6   | Reached skill level 10 in Earth Magic
 31934 | Lair:6   | Killed a dire elephant
 32267 | Lair:6   | Reached XP level 14. HP: 61/83 MP: 8/27
 33493 | Orc:1    | Entered Level 1 of the Orcish Mines
 33694 | Orc:1    | Found a frozen archway.
 33763 | IceCv    | Entered an ice cave
 35504 | IceCv    | Noticed a reaper
 35824 | Orc:1    | Reached skill level 10 in Dodging
 36057 | Orc:2    | Entered Level 2 of the Orcish Mines
 36800 | Orc:1    | Reached skill level 5 in Air Magic
 37141 | Orc:2    | Paralysed by an orc sorcerer for 5 turns
 37426 | Orc:1    | Reached skill level 10 in Spellcasting
 37810 | Orc:1    | Reached skill level 5 in Summonings
 39189 | Orc:2    | Found a staircase to the Elven Halls.
 39332 | Orc:2    | Noticed an orc warlord
 39984 | Orc:2    | Paralysed by an orc sorcerer for 4 turns
 40477 | Orc:1    | Killed an orc warlord
 40629 | Orc:2    | Found Ukodghiss's Book Emporium.
 40653 | Orc:2    | Found Koikloru's Antique Armour Boutique.
 40693 | Orc:2    | Bought a translucent ring mail for 252 gold pieces
 40693 | Orc:2    | Identified the +3 ring mail of the Sturgeon {rC+ rN+ Int-4}
                  | (You bought it in a shop on level 2 of the Orcish Mines)
 40830 | Orc:2    | Found Zoxagrur's Antique Weapon Shoppe.
 40915 | Orc:2    | Found Enuis's General Store.
 41872 | Orc:2    | Bought a book of Conjurations for 420 gold pieces
 41877 | Orc:2    | Learned a level 4 spell: Fulminant Prism
 42058 | Snake:1  | Entered Level 1 of the Snake Pit
 42679 | D:12     | Reached skill level 1 in Hexes
 43499 | Orc:2    | Bought a book of Spatial Translocations for 910 gold pieces
 43603 | D:12     | You fall into a shaft and drop 1 floor!
 45544 | D:13     | Reached XP level 15. HP: 89/89 MP: 18/29
 45636 | D:13     | Noticed Erolcha
 45937 | D:13     | Found a gate to the Vaults.
 45941 | D:13     | Killed Erolcha
 46245 | D:13     | Found a runed translucent door.
 46245 | D:13     | Found a shimmering altar of Xom.
 46245 | D:13     | Noticed Xygycw's ghost (journeyman GrFi)
 46576 | D:13     | Noticed Rupert
 46709 | D:13     | Demolished by Rupert

Levels and vault maps discovered:
D:1:      dpeg_arrival_round_a, layout_rooms
D:2:      layout_basic
D:3:      layout_basic, lemuel_crystal_altar, fountainhead, uniq_terence,
          uniq_sigmund
D:4:      layout_loops_ring, serial_shops, kennysheep_mini_moat,
          minmay_hedge_maze
D:5:      layout_basic, minmay_temple_entry_arrows, first_ration,
          cheibrodos_sewer_entry_drain, nrook_pool_corridor,
          hangedman_decor_growths, uniq_grinder, uniq_eustachio
D:6:      layout_cave_pools, chequers_temple_overflow_minitemple
D:7:      layout_rooms, lemuel_doored_altar, nicolae_overflow_crystal_walls
D:8:      layout_layer_cave, blue_anna_alchemist [blue_anna_fruit_fields,
          blue_anna_fruit_fields]
D:9:      layout_layer_cave, minitemple, uniq_joseph
D:10:     layout_loops_ring, erik_orc_2, basic_altar, serial_shops,
          shop_fountains, nicolae_shop_overgrown_old_shop, shop,
          minmay_misc_feat_iff
D:11:     layout_basic, david_lair_shrubbed
D:12:     layout_irregular_city, minmay_lizard_king
D:13:     layout_roguey, lightli_vaults_fourway_checkpoint, ebering_ghost_xom,
          uniq_rupert, uniq_erolcha
Temple:   dpeg_three_leaves_temple
Lair:1:   layout_roguey, worms_lemuel, uniq_harold
Lair:2:   layout_cave_pods, skrybe_swamp_entry_bodies, uniq_nergalle
Lair:3:   layout_cave_pods, minmay_snake_entry_guardpost_small, uniq_gastronok
Lair:4:   beast_lair_carwin_large_1, layout_regular_city,
          bh_autumn_forest_stairs, serial_bayou_shore_a, grunt_megastairs_3,
          serial_bayou_shore_b, uniq_sonja
Lair:5:   layout_gridlike, roderic_batcave, lemuel_another_geyser
Lair:6:   hangedman_lair_in_review, layout_regular_city,
          guppyfry_lair_end_dragon, slime_dummy, uniq_nessos, uniq_josephine
Snake:1:  layout_grid_shapes, serial_shops, shop, nicolae_shop_crystal
Orc:1:    layout_caves, portal_ice_cave_demonic_guard
Orc:2:    grunt_orc_gardens, layout_caves, grunt_orc_garden, grunt_orc_garden,
          grunt_orc_garden, grunt_orc_garden, nicolae_orc_flooded_monolith

Skill      XL: |  1  2  3  4  5  6  7  8  9 10 11 12 13 14 15 |
---------------+----------------------------------------------+-----
Fighting       | 1 2 3 4 5 7 8 9 |  9.0
Spellcasting   | 3 4 5 7 8 9 10 | 10.1
Conjurations   | 1 2 3 4 5 6 |  6.0
Earth Magic    | 4 5 6 7 8 9 10 | 10.9
Dodging        | 3 4 5 6 7 8 9 10 | 10.8
Necromancy     | 3 4 6 7 8 |  8.0
Translocations | 2 4 |  4.0
Air Magic      | 2 4 5 |  5.6
Poison Magic   | 2 |  2.1
Shields        | 1 4 |  4.0
Transmutations | 2 4 |  4.0
Polearms       | 4 6 8 |  8.9
Summonings     | 3 5 |  5.7
Hexes          | 4 |  4.0
Stealth        | |  3.0

Action                   |  1- 3 |  4- 6 |  7- 9 | 10-12 | 13-15 || total
-------------------------+-------+-------+-------+-------+-------++-------
Melee: Spear             |    26 |    19 |     2 |       |       ||    47
       Bite              |     1 |     1 |    15 |    15 |    20 ||    52
       Rapier            |       |       |   115 |       |       ||   115
       Scimitar          |       |       |       |    60 |       ||    60
       Demon trident     |       |       |       |   142 |   269 ||   411
 Cast: Sandblast         |    37 |    95 |   115 |       |       ||   247
       Stone Arrow       |       |     7 |   137 |   341 |   469 ||   954
       Borgnjor's Vile C |       |       |     1 |    53 |   102 ||   156
       Mephitic Cloud    |       |       |       |     7 |     7 ||    14
       Lee's Rapid Decon |       |       |       |     4 |    27 ||    31
       Petrify           |       |       |       |       |    13 ||    13
       Blink             |       |       |       |       |     9 ||     9
       Summon Lightning  |       |       |       |       |    56 ||    56
       Fulminant Prism   |       |       |       |       |    28 ||    28
       Passwall          |       |       |       |       |     7 ||     7
Invok: Potion Petition   |       |       |       |     2 |       ||     2
       Call Merchant     |       |       |       |       |     1 ||     1
 Abil: Exsanguinate      |       |       |       |     1 |       ||     1
       Revivify          |       |       |       |       |     1 ||     1
Evoke: Wand              |       |       |       |     8 |    16 ||    24
       Lightning rod     |       |       |       |       |     2 ||     2
  Use: Scroll            |       |       |    10 |    20 |    13 ||    43
       Potion            |       |       |       |     1 |     7 ||     8
 Stab: Sleeping          |     2 |     1 |     2 |     4 |     7 ||    16
       Confused          |       |       |       |     1 |     3 ||     4
       Invisible         |       |       |       |     5 |       ||     5
       Petrified         |       |       |       |     3 |    22 ||    25
       Fleeing           |       |       |       |     1 |       ||     1
       Distracted        |       |       |       |       |     5 ||     5
Armor: Robe              |     5 |     8 |    48 |    10 |       ||    71
       Leather armour    |       |       |       |    25 |    69 ||    94
Dodge: Dodged            |    21 |    41 |   160 |   218 |   342 ||   782
Block: Buckler           |       |       |       |    35 |   130 ||   165
       Rpst.: Scimitar   |       |       |       |    18 |       ||    18

Table legend:
 A = Non-vault XP
 B = Vault XP
 C = Vault XP percentage of total XP
 D = Non-vault monster count
 E = Vault monster count
 F = Vault count percentage of total count
                 A         B        C        D         E       F
            +---------+---------+-------+---------+---------+-------
      Total |   59181 |   49578 |  45.6 |     548 |     201 |  26.8
            +---------+---------+-------+---------+---------+-------
        D:1 |      31 |       0 |   0.0 |      11 |       0 |   0.0
        D:2 |     145 |       0 |   0.0 |      22 |       0 |   0.0
        D:3 |     188 |     265 |  58.5 |      34 |       2 |   5.6
        D:4 |     314 |     196 |  38.4 |      13 |       1 |   7.1
        D:5 |     917 |     261 |  22.2 |      35 |       3 |   7.9
        D:6 |    1753 |       0 |   0.0 |      18 |       0 |   0.0
        D:7 |     835 |       0 |   0.0 |      39 |       0 |   0.0
        D:8 |    1187 |      97 |   7.6 |      27 |       1 |   3.6
        D:9 |    1766 |     407 |  18.7 |      40 |       1 |   2.4
       D:10 |    4217 |    1084 |  20.4 |      42 |      22 |  34.4
       D:11 |    4764 |     350 |   6.8 |      36 |       1 |   2.7
       D:12 |    5422 |    1215 |  18.3 |      29 |       7 |  19.4
       D:13 |    8883 |    4758 |  34.9 |      46 |      12 |  20.7
     Lair:1 |    2579 |    1460 |  36.1 |      13 |       4 |  23.5
     Lair:2 |    3781 |    1075 |  22.1 |      18 |       2 |  10.0
     Lair:3 |    4753 |    3024 |  38.9 |      12 |       5 |  29.4
     Lair:4 |    2444 |    5718 |  70.1 |       9 |      12 |  57.1
     Lair:5 |    6268 |     324 |   4.9 |      27 |       8 |  22.9
     Lair:6 |    1817 |   15261 |  89.4 |       8 |      42 |  84.0
      Orc:1 |    3803 |    5421 |  58.8 |      33 |      12 |  26.7
      Orc:2 |    3314 |    4540 |  57.8 |      36 |      16 |  30.8
      Sewer |       0 |     487 | 100.0 |       0 |      30 | 100.0
      IceCv |       0 |    3635 | 100.0 |       0 |      20 | 100.0
            +---------+---------+-------+---------+---------+-------
